 Dungeon Crawl Stone Soup version 0.16-a0-4112-g89a4107 (webtiles) character file.

79 dysrexia the Insei (level 4, -1/32 HPs)
             Began as a Merfolk Transmuter on Feb 27, 2015.
             Slain by a goblin
             ... wielding a +0 club
             ... led by Robin
              (5 damage)
             ... on level 2 of the Dungeon.
             The game lasted 00:06:50 (1514 turns).

dysrexia the Insei (Merfolk Transmuter)             Turns: 1514, Time: 00:06:50

Health: -1/32      AC:  2    Str: 10    XL:     4   Next: 37%
Magic:  7/7        EV: 13    Int: 13    God:
Gold:   59         SH:  0    Dex: 14    Spells: 1 memorised, 6 levels left

rFire  . . .     SeeInvis .       - Unarmed
rCold  . . .     Clarity  .     c - +0 robe
rNeg   . . .     SustAb   .     (no shield)
rPois  .         Gourm    .     (helmet restricted)
rElec  .         Spirit   .     (no cloak)
rCorr  .         Warding  .     (no gloves)
rMut   .         Stasis   .     (no boots)
MR     +....                    (no amulet)
Stlth  +.........               (no ring)
                                g - ring of protection from magic

@: appendage (expiring), somewhat resistant to hostile enchantments, very
unstealthy
A: change form in water, swift swim, horns 2
a: End Transformation


You were on level 2 of the Dungeon.
You were near starving.
You had grown temporary horns.
You visited 1 branch of the dungeon, and saw 2 of its levels.

You collected 59 gold pieces.

Inventory:

Missiles
 b - 36 arrows
 k - 10 stones (quivered)
 m - 5 tomahawks of returning
Armour
 c - a +0 robe (worn)
 l - a +0 ring mail
Jewellery
 g - a ring of protection from magic (left hand)
Scrolls
 e - 3 scrolls of remove curse
Potions
 i - a potion of invisibility
 n - a potion of restore abilities {unknown}
 o - a potion of magic {unknown}
Books
 d - a book of Changes

   Spells                             Type                      Level
   a - Beastly Appendage              Transmutation                1
   b - Sticks to Snakes               Transmutation                2
   c - Spider Form                    Transmutation/Poison         3
   d - Ice Form                       Ice/Transmutation            4
   e - Blade Hands                    Transmutation                5
Comestibles
 a - 2 bread rations
 f - a beef jerky
 h - a slice of pizza
 j - a meat ration


   Skills:
 - Level 1.1 Fighting
 - Level 2.6 Dodging
 + Level 4.6 Unarmed Combat
 - Level 2.0 Spellcasting
 + Level 4.4 Transmutations


You had 6 spell levels left.
You knew the following spells:

 Your Spells              Type           Power        Failure   Level  Hunger
a - Beastly Appendage     Trmt           ##....       6%          1    ##.....


Dungeon Overview and Level Annotations

Branches:
Dungeon (2/15)

Altars:

Annotations:
D:1 1 runed door


Innate Abilities, Weirdness & Mutations

You revert to your normal form in water.
You are very nimble and swift while swimming.
You have a pair of horns on your head.


Message History

The goblin barely misses you.
You closely miss Robin.
Robin is almost dead.
The goblin barely misses you.
Robin roars a battlecry!
The goblins go into a battle-frenzy!
Robin hits you but does no damage. The goblin closely misses you.
You barely miss Robin. You headbutt Robin.
You kill Robin!
The goblin closely misses you. The goblin hits you.
* * * LOW HITPOINT WARNING * * *
The goblin barely misses you.
Items here: ) [[ † a mace; an animal skin; a helmet; the hobgoblin corpse of Robin Your transformation is almost over.
The kobold barely misses you.
You hit the kobold.
You kill the kobold!
The goblin hits you with a club.
You die...

..g##########
..gg.ggg....#
...g#######!#
#@# ######g#
#...()g#
#######.######
#.......#
#.#######
#####.##########
................
#####.#########.


You could see 2 goblins.

Vanquished Creatures
  Robin (D:2)
  2 adders (D:2)
  A worm (D:2)
  A giant gecko (D:1)
  6 bats
  9 hobgoblins
  3 kobolds
  A ball python (D:1)
  3 giant cockroaches (D:1)
  A giant newt (D:1)
  10 goblins
  4 rats (D:1)
42 creatures vanquished.

Notes
Turn   | Place    | Note
--------------------------------------------------------------
     0 | D:1      | dysrexia, the Merfolk Transmuter, began the quest for the Orb.
     0 | D:1      | Reached XP level 1. HP: 15/15 MP: 3/3
     2 | D:1      | Found a runed door.
    81 | D:1      | Reached XP level 2. HP: 14/21 MP: 2/4
   541 | D:1      | Reached skill level 4 in Unarmed Combat
   576 | D:1      | Reached XP level 3. HP: 17/26 MP: 4/6
  1287 | D:2      | Reached XP level 4. HP: 8/32 MP: 5/7
  1481 | D:2      | Noticed Robin
  1511 | D:2      | Killed Robin
  1514 | D:2      | Slain by a goblin

Action                   |  1- 3 |  4- 6 || total
-------------------------+-------+-------++-------
Melee: Unarmed           |   109 |    25 ||   134
Throw: Stone             |     2 |       ||     2
 Cast: Beastly Appendage |    17 |     3 ||    20
  Use: Scroll            |     3 |       ||     3
       Potion            |       |     3 ||     3
  Eat: Chunk             |     1 |       ||     1
